Description

2 base allin w marine tank medivac and 3scvs. You can use the medivac when it pops to fake a wm drop. move out at around 4:30 with your tanks and marines and scvs.

Replay - HeroMarine v Zoun: Game 3 - [ESL] Curious Minds

Build Order

Get SALT Encoding   

  12  0:00  SCV  
  13  0:12  SCV  
  14  0:17  Supply Depot  
  14  0:24  SCV  
  15  0:39  SCV, Barracks  
  16  0:43  Refinery  
  16  0:51  SCV  
  17  1:03  SCV  
  18  1:15  SCV  
  19  1:27  Marine, Orbital Command  
  20  1:43  Command Center  
  20  1:46  Barracks Reactor  
  20  1:53  SCV  
  21  1:58  Supply Depot  
  21  2:05  SCV  
  22  2:09  Factory  
  22  2:17  SCV  
  22  2:19  Refinery  
  22  2:22  Marine x2  
  24  2:29  SCV  
  26  2:40  Marine x2  
  26  2:41  SCV  
  29  2:53  SCV  
  29  2:54  Starport  
  29  2:55  Factory Tech Lab  
  29  2:58  Orbital Command  
  30  3:02  Marine x2  
  32  3:08  SCV  
  33  3:15  Siege Tank  
  33  3:17  Orbital Command  
  36  3:22  Marine, Supply Depot  
  36  3:26  SCV  
  38  3:31  Medivac  
  38  3:33  Marine  
  41  3:40  Marine  
  44  3:50  Marine, Siege Tank  
  44  3:52  SCV x2, Supply Depot  
  48  3:58  Marine  
  48  4:01  Supply Depot  
  49  4:05  Viking  
  49  4:08  SCV x2, Marine  
  54  4:15  Marine  
  55  4:20  SCV x2  
  57  4:26  Marine  
  57  4:29  Siege Tank, Supply Depot  
  61  4:32  SCV x2  
  61  4:34  Marine  
  64  4:42  Viking  
  64  4:44  Marine  
  64  4:45  SCV x2  
  68  4:51  Marine  
  70  4:53  Supply Depot  
  70  4:57  SCV x2  
  72  5:02  Marine  
  72  5:06  Barracks  
  73  5:07  Siege Tank  
  73  5:12  SCV x2  
  78  5:15  Marine x2  
  79  5:24  SCV x2  
  80  5:33  Marine x2  
  81  5:36  SCV x2  
  86  5:42  Siege Tank  
  86  5:46  Refinery  
  86  5:48  SCV x2  
  86  5:51  Command Center  
  86  5:54  Barracks Tech Lab  
  86  5:55  Marine x2  
  86  5:57  Barracks  
  88  6:00  SCV x2  
Spawning Tool Build Advisor. Get it on Overwolf

Go to:

Details

  • Created by: lucahecker
  • Published on: Feb 27, 2022
  • Modified on: Feb 27, 2022
  • Patch: 4.11.0
  • Difficulty: Medium
Show
View Real Time Build Order
Export as new Build Order

Comments (0)

There are no comments. Be the first!

Create an account to comment!